 Dungeon Crawl Stone Soup version 0.28.0-43-g3370ac3207 (webtiles) character file.

Game seed: 8653706247058710106

2 hehateme the Ducker (level 1, -4/20 HPs)
             Began as a Gnoll Gladiator on Mar 14, 2022.
             Slain by a gnoll
             ... wielding a +0 whip of venom
              (6 damage)
             ... on level 1 of the Dungeon.
             The game lasted 00:00:07 (21 turns).

hehateme the Ducker (Gnoll Gladiator)                 Turns: 21, Time: 00:00:08

Health: -4/20      AC:  4    Str: 13    XL:     1   Next: 40%
Magic:  1/1        EV: 14    Int:  7    God:
Gold:   0          SH:  0    Dex: 13    Spells: 0/0 levels left

rFire   . . .      SeeInvis .   a - +0 war axe
rCold   . . .      Faith    .   (no shield)
rNeg    . . .      Spirit   .   b - +0 leather armour
rPois   .          Reflect  .   c - +0 helmet
rElec   .          Harm     .   (no cloak)
rCorr   .          Rampage  .   (no gloves)
Will    .....                   (no boots)
Stlth   +.........              (no amulet)
HPRegen 0.06/turn               (no ring)
MPRegen 0.07/turn               (no ring)

@: lethally poisoned (-4 -> -13)
A: fangs 1, strong nose, distributed training
a: no special abilities


You were on level 1 of the Dungeon.
You visited 1 branch of the dungeon, and saw 1 of its levels.

Inventory:

Hand Weapons
 a - a +0 war axe (weapon)
Missiles
 d - 3 throwing nets (quivered) {=f}
Armour
 b - a +0 leather armour (worn)
 c - a +0 helmet (worn)


   Skills:
 + Level 4.4 Fighting
 + Level 0.0 Short Blades
 + Level 0.0 Long Blades
 + Level 6.4 Axes
 + Level 0.0 Maces & Flails
 + Level 0.0 Polearms
 + Level 0.0 Staves
 + Level 0.0 Slings
 + Level 0.0 Bows
 + Level 0.0 Crossbows
 + Level 4.4 Throwing
 + Level 0.0 Armour
 + Level 6.4 Dodging
 + Level 0.0 Stealth
 + Level 0.0 Shields
 + Level 0.0 Unarmed Combat
 + Level 0.0 Spellcasting
 + Level 0.0 Conjurations
 + Level 0.0 Hexes
 + Level 0.0 Summonings
 + Level 0.0 Necromancy
 + Level 0.0 Translocations
 + Level 0.0 Transmutations
 + Level 0.0 Fire Magic
 + Level 0.0 Ice Magic
 + Level 0.0 Air Magic
 + Level 0.0 Earth Magic
 + Level 0.0 Poison Magic
 + Level 0.1 Invocations
 + Level 0.0 Evocations


You couldn't memorise any spells.
You didn't know any spells.
Your spell library was empty.

Dungeon Overview and Level Annotations

Branches:
Dungeon (1/15)

Altars:


Innate Abilities, Weirdness & Mutations

You have very sharp teeth.
Your uncanny sense of smell can sniff out nearby items.
Your experience applies equally to all skills.


Message History

You open the door.
A dart slug comes into view.
A dart slug is nearby!
Found a stone staircase leading down.
There is an open door here.
You hit the dart slug. You bite the dart slug.
The dart slug bites you but does no damage.
You hit the dart slug.
You kill the dart slug!
A gnoll comes into view. It is wielding a +0 whip of venom.
The gnoll shouts!
A goblin and a ball python come into view.
The goblin shouts!
The ball python hisses angrily.
You barely miss the gnoll.
The gnoll hits you with a +0 whip of venom.
You are poisoned.
You take 3 damage, and have 17/20 hp.
You hit the gnoll but do no damage.
You feel sick.
The gnoll hits you with a +0 whip of venom.
* * * LOW HITPOINT WARNING * * *
You are lethally poisoned!
You take 7 damage, and have 10/20 hp.
GAME OVER YEAH!!
You hit the gnoll but do no damage. You barely miss the ball python.
* * * LOW HITPOINT WARNING * * *
You feel very sick. The ball python misses you.
The ball python closely misses you. The gnoll barely misses you.
The ball python closely misses you. The ball python grabs you.
The ball python constricts you.
* * * LOW HITPOINT WARNING * * *
You take 5 damage, and have 5/20 hp.
GAME OVER YEAH!!
You hit the gnoll. You bite the gnoll, but do no damage.
You hit the ball python.
You kill the ball python!
* * * LOW HITPOINT WARNING * * *
You feel very sick.
The gnoll hits you with a +0 whip of venom.
You die...

...#.# ..... ...#.#
###..... ..#.# #$....#
..#.# #.....#
##########.#.# #.....#
.........#.#.# #..g..#
...###...#.#.###†....#
.<.#†#...'......@g...#
...###...#.........###
.........#.........#
##########.........#
#.........#
....>......#
###.........#
..........#

Notes
Turn   | Place    | Note
-------+----------+-------------------------------------------
     0 | D:1      | hehateme the Gnoll Gladiator began the quest for the Orb.
     0 | D:1      | Reached XP level 1. HP: 20/20 MP: 1/1
    20 | D:1      | HP: 5/20 [constriction (1)]
    21 | D:1      | HP: 2/20 [poisoned by a gnoll]
    21 | D:1      | Slain by a gnoll

Table legend: (Time is in decaauts)
 A = Elapsed time spent in this place.
 B = Non-inter-level travel time spent in this place.
 C = Inter-level travel time spent in this place.
 D = Time resting spent in this place.
 E = Time spent auto-exploring this place.
 F = Levels seen in this place.
 G = Mean time per level.
                   A        B        C        D        E       F      G
               +--------+--------+--------+--------+--------+-----+--------+
         Total |     21 |     21 |      0 |      0 |      7 |   1 |   21.0 |
       Dungeon |     21 |     21 |      0 |      0 |      7 |   1 |   21.0 |
               +--------+--------+--------+--------+--------+-----+--------+

Top non-repeatable levels by time:
     D:1: 21 daAuts

Table legend:
 A = Kills in this place as a percentage of kills in entire the game.
 B = Kills by you in this place as a percentage of kills by you in the entire game.
 C = Kills by friends in this place as a percentage of kills by friends in the entire game.
 D = Other kills in this place as a percentage of other kills in the entire game.
 E = Experience gained in this place as a percentage of experience gained in the entire game.
 F = Experience gained in this place divided by the number of levels of this place that you have seen.
                   A       B       C       D       E      F
               +-------+-------+-------+-------+-------+----------------------
         Total | 100.0 | 100.0 |   N/A |   N/A | 100.0 |   6.0
       Dungeon | 100.0 | 100.0 |   N/A |   N/A | 100.0 |   6.0
               +-------+-------+-------+-------+-------+----------------------

Action                   || total
-------------------------++-------
Melee: War axe           ||     6
       Bite              ||     2
Armor: Leather armour    ||     1
Dodge: Dodged            ||     4

Vanquished Creatures
  A dart slug (D:1)
  A ball python (D:1)
2 creatures vanquished. You could see a gnoll and a goblin.

Levels and vault maps discovered:
D:1:      nicolae_arrival_memento_mori, layout_basic, basic_ecumenical_altar
